 Dungeon Crawl Stone Soup version 0.27-a0-668-gb5737ff2c0 (webtiles) character file.

Game seed: 16472167504427309999

16 Lanoc the Charlatan (level 2, -2/18 HPs)
             Began as an Octopode Artificer on Mar 17, 2021.
             Slain by a leopard gecko (3 damage)
             ... on level 2 of the Dungeon.
             The game lasted 00:00:55 (526 turns).

Lanoc the Charlatan (Octopode Artificer)             Turns: 526, Time: 00:00:55

Health: -2/18      AC:  1    Str: 11    XL:     2   Next: 58%
Magic:  2/2        EV: 13    Int: 13    God:
Gold:   0          SH:  0    Dex: 12    Spells: 1/1 levels left

rFire    . . .     SeeInvis .   a - +0 club
rCold    . . .     Faith    .   (no shield)
rNeg     . . .     Spirit   .   (helmet restricted)
rPois    .         Reflect  .   (no amulet)
rElec    .         Harm     .   (no ring)
rCorr    .         Rampage  .   (no ring)
Will     .....                  (no ring)
Stlth    +++.......             (no ring)
HPRegen  0.06/turn              (no ring)
MPRegen  0.08/turn              (no ring)
                                (no ring)
                                (no ring)

@: no status effects
A: almost no armour, amphibious, 8 rings, camouflage 1, gelatinous body 1,
nimble swimmer 1, tentacles
a: no special abilities


You were on level 2 of the Dungeon.
You visited 1 branch of the dungeon, and saw 2 of its levels.

Inventory:

Hand Weapons
 a - a +0 club (weapon)
Wands
 b - a wand of flame (15)
 c - a wand of charming (14) (quivered)
 d - a wand of random effects (15)
Scrolls
 f - a scroll of teleportation {unknown}
Potions
 e - 3 potions of lignification {unknown}


   Skills:
 + Level 1.4 Fighting
 + Level 2.6 Dodging
 - Level 1.3 Stealth
 * Level 3.8 Evocations


You had one spell level left.
You didn't know any spells.
Your spell library was empty.

Dungeon Overview and Level Annotations

Branches:
Dungeon (2/15)

Altars:


Innate Abilities, Weirdness & Mutations

You cannot wear most types of armour.
You are amphibious.
You can wear up to eight rings at the same time.
Your skin changes colour to match your surroundings (Stealth+).
Your rubbery body absorbs attacks. (AC +1, EV +1)
You are stealthy while swimming. (Stealth+)
You have tentacles for arms and can constrict up to eight enemies at once.


Message History

There is a stone staircase leading up, spattered with blood here.
You hit the giant cockroach. Your grab misses the giant cockroach.
The giant cockroach is severely wounded.
Your adder bites the giant cockroach.
The giant cockroach dies!
The frilled lizard misses you.
The kobold throws a stone.
The stone closely misses your adder. The stone hits you.
* * * LOW HITPOINT WARNING * * *
Your adder barely misses the frilled lizard.
The frilled lizard barely misses you. The kobold hits your adder.
Your adder bites the frilled lizard.
The frilled lizard dies!
You climb upwards.
There is a stone staircase leading down here.
What are your orders? t - Shout!
Orders for allies: a - Attack new target. r - Retreat! s - Stop attacking. g - Guard the area. f - Follow me.
Anything else - Cancel.
Guard this area!
A hobgoblin comes into view. It is wielding a +0 club.
Found a stone staircase leading down.
A ball python comes into view.
There is a stone staircase leading down here.
You climb downwards.
A leopard gecko comes into view.
Found 20 stones.
There is a stone staircase leading up here.
The leopard gecko hisses angrily.
You closely miss the leopard gecko. Your grab misses the leopard gecko.
The leopard gecko barely misses you. The leopard gecko bites you.
* * * LOW HITPOINT WARNING * * *
You hit the leopard gecko but do no damage.
Your grab misses the leopard gecko. The leopard gecko barely misses you.
You completely miss the leopard gecko. Your grab misses the leopard gecko.
The leopard gecko bites you.
* * * LOW HITPOINT WARNING * * *
The leopard gecko bites you.
You die...

#.....K....#
#..........#
#..........#
#)..........> .
#..........##.
.. ...........#
#.#
##########...#
###..........#
#....l@..<...#
...#.........(#
####....####
#..### #..#
#..# #..# ...#


You could see a leopard gecko.

Vanquished Creatures
  A giant cockroach (D:1)
  3 goblins (D:1)
  A hobgoblin (D:2)
  A quokka (D:1)
  2 bats (D:1)
  3 frilled lizards (D:1)
  A kobold (D:1)
  2 rats (D:1)
14 creatures vanquished.

Vanquished Creatures (collateral kills)
  A giant cockroach (D:2)
  A frilled lizard (D:2)
2 creatures vanquished.

Grand Total: 16 creatures vanquished

Notes
Turn   | Place    | Note
-------+----------+-------------------------------------------
     0 | D:1      | Lanoc the Octopode Artificer began the quest for the Orb.
     0 | D:1      | Reached XP level 1. HP: 13/13 MP: 1/1
   258 | D:1      | Reached XP level 2. HP: 18/18 MP: 2/2
   526 | D:2      | Slain by a leopard gecko

Illustrated notes

Levels and vault maps discovered:
D:1:      grunt_arrival_crossed_arrows, layout_rooms, serial_shops, shop
D:2:      layout_rooms, grunt_temple_overflow_open,
          chequers_ecumenical_altar_grove, uniq_terence

Action                   || total
-------------------------++-------
Melee: Club              ||    29
       Constrict         ||     9
       Tentacles         ||     5
Evoke: Wand              ||     1
 Stab: Sleeping          ||     5
Armor: Skin              ||     4
Dodge: Dodged            ||    23

Table legend: (Time is in decaauts)
 A = Elapsed time spent in this place.
 B = Non-inter-level travel time spent in this place.
 C = Inter-level travel time spent in this place.
 D = Time resting spent in this place.
 E = Time spent auto-exploring this place.
 F = Levels seen in this place.
 G = Mean time per level.
                   A        B        C        D        E       F      G
               +--------+--------+--------+--------+--------+-----+--------+
         Total |    535 |    519 |     16 |      0 |    402 |   2 |  267.5 |
       Dungeon |    535 |    519 |     16 |      0 |    402 |   2 |  267.5 |
               +--------+--------+--------+--------+--------+-----+--------+

Top non-repeatable levels by time:
     D:1: 515 daAuts
     D:2: 19 daAuts
